 Dungeon Crawl Stone Soup version 0.30-a0-845-g7c6808c8ce (webtiles) character file.

Game seed: 6680403277922648476

5539 Ge0ff the Geomancer (level 10, -9/78 HPs)
             Began as a Naga Earth Elementalist on Mar 3, 2023.
             Was a Priest of Sif Muna.
             Mangled by a hell knight
             ... wielding a +4 battleaxe of flaming
              (11 damage)
             ... on level 2 of the Abyss.
             The game lasted 00:26:05 (10571 turns).

Ge0ff the Geomancer (Naga Earth Elementalist)      Turns: 10571, Time: 00:26:06

Health: -9/78      AC:  7    Str: 11    XL:     10   Next: 71%
Magic:  5/14       EV: 10    Int: 20    God:    Sif Muna [***...]
Gold:   201        SH:  0    Dex: 11    Spells: 5/15 levels left

rFire   . . .      SeeInvis +    a - +3 dagger (venom)
rCold   . . .      Faith    .    (no shield)
rNeg    . . .      Spirit   .    s - +0 steam dragon scales
rPois   +          Reflect  .    P - +0 helmet
rElec   .          Rampage  .    (no cloak)
rCorr   .                        Y - +0 pair of gloves
Will    +....                    (no barding)
Stlth   ++++                     I - amulet of regeneration
HPRegen 1.13/turn                (no ring)
MPRegen 0.14/turn                (no ring)

@: hasted, quick
A: AC +3, large, see invisible, deformed body, poison resistance, slowness 2,
spit poison 1, naga tail 1
a: Spit Poison, Renounce Religion, Channel Magic, Forget Spell


You were on level 2 of the Abyss.
You worshipped Sif Muna.
Sif Muna was most pleased with you.
You visited 2 branches of the dungeon, and saw 11 of its levels.
You visited the Abyss 1 time.

You collected 591 gold pieces.
You spent 390 gold pieces at shops.

Inventory:

Hand Weapons
 a - a +3 dagger of venom (weapon)
 o - a +2 dagger of holy wrath
 t - a +2 short sword of venom
 z - a +3 spear of freezing
 N - a +1 long sword of flaming
 Q - a +2 whip of venom
 Z - a +0 falchion of freezing
Missiles
 g - 2 throwing nets {=F}
 p - 2 atropa-tipped darts
 v - a curare-tipped dart {=F}
 D - 3 javelins
 O - 36 poisoned darts
Armour
 s - +0 steam dragon scales (worn)
 u - a +0 troll leather armour
 x - +0 acid dragon scales
 C - a +1 ring mail of willpower
 P - a +0 helmet (worn)
 S - the +5 ring mail of the Hidden Vale {Fly rC+}
   (You found it on level 2 of the Dungeon)

   rC:        It protects you from cold.
   Fly:       It grants you flight.
 Y - a +0 pair of gloves (worn)
Magical Staves
 A - a staff of cold
Jewellery
 I - an amulet of regeneration (around neck)
Wands
 d - a wand of digging (7)
 r - a wand of roots (4)
Scrolls
 m - 3 scrolls of magic mapping
 y - 3 scrolls of immolation
 E - 2 scrolls of torment {unknown}
 G - a scroll of blinking {unknown}
 J - 2 scrolls of fear {unknown}
 R - 3 scrolls of enchant armour
 W - a scroll of vulnerability {unknown}
Potions
 q - a potion of curing
 w - a potion of berserk rage {unknown}
 B - a potion of resistance {unknown}
 F - 3 potions of attraction {unknown}
 H - 3 potions of haste {!q}
 K - 2 potions of magic {!q}
 L - 6 potions of lignification
 M - 4 potions of mutation {unknown}
 U - 3 potions of heal wounds {unknown}
 V - 2 potions of invisibility {unknown}
 X - 2 potions of flight


   Skills:
 + Level 1.2 Fighting
 + Level 5.1 Short Blades
 + Level 0.4 Throwing
 + Level 0.5 Armour
 + Level 1.7 Dodging
 + Level 8.5 Stealth
 + Level 3.1 Spellcasting
 - Level 7.0 Conjurations
 + Level 6.1 Transmutations
 + Level 10.0 Earth Magic
 + Level 0.5 Evocations


You had 5 spell levels left.
You knew the following spells:

 Your Spells              Type           Power      Damage    Failure   Level
k - Sandblast             Erth           86%        2d18      1%          1
s - Petrify               Tmut/Erth      35%        N/A       4%          4
w - Passwall              Tmut/Erth      29%        N/A       1%          2
C - Stone Arrow           Conj/Erth      74%        3d11      1%          3

Your spell library contained the following spells:

 Spells                   Type           Power      Damage    Failure   Level
 Foxfire                  Conj/Fire      68%        2x1d7     3%          1
 Freeze                   Ice            12%        1d3       14%         1
 Summon Small Mammal      Summ           12%        N/A       14%         1


Dungeon Overview and Level Annotations

Branches:
Dungeon (10/15) Zot: 26933  Temple (1/1) D:5 Zot: 5665
   Lair: D:8-11         Orc: D:9-12

Altars:
Ashenzari
Cheibriados
Dithmenos
Elyvilon
Fedhas
Gozag
Hepliaklqana
Kikubaaqudgha
Makhleb
Nemelex Xobeh
Okawaru
Qazlal
Ru
Sif Muna
Trog
Uskayaw
Vehumet
Wu Jian
Xom
Yredelemnul
Zin
The Shining One

Shops:
D:5 *

Annotations:
D:3 fire trap (gold)
D:4 3 runed translucent doors, exclusion: 3 doors, 112233's ghost, novice TeAE
D:9 Gastronok
D:10 Erolcha


Innate Abilities, Weirdness & Mutations

Your serpentine skin is tough. (AC +3)
You have supernaturally acute eyesight. (SInv)
Armour fits poorly on your strangely shaped body.
Your system is resistant to poisons. (rPois)
You cover ground very slowly.
You can spit poison.
You have a snake-like lower body.


Message History

The hell knight seems to speed up.
A hell knight comes into view.
It is wielding a +4 battleaxe of flaming.
A necromancer and 4 hell knights come into view.
A hell knight is wielding a +0 long sword of flaming.
A hell knight is wielding a +1 demon blade of flaming.
A hell knight is wielding a +4 halberd of draining.
The hell knight shouts! x3
A necromancer comes into view. It is wielding a +0 dagger.
You hear a shout!
You hear a shout!
Really quaff
H - 4 potions of haste {!q}?
You feel yourself speed up.
A lurking horror comes into view.
Your body is wracked with pain!
The hell knight convulses!
Casting: Petrify (dangerous; 4% risk of failure)
Confirm with . or Enter, or press ? or * to list all spells.
Aiming: Petrify (dangerous; 4% risk of failure)
Press: ? - help, Shift-Dir - straight line, f - hell knight
Aim: a hell knight, wielding a +4 battleaxe of flaming and wearing a +0 chain mail (heavily wounded, chance to affect: 46%)
The hell knight resists with some effort.
Casting: Petrify (dangerous; 4% risk of failure)
Confirm with . or Enter, or press ? or * to list all spells.
Aiming: Petrify (dangerous; 4% risk of failure)
Press: ? - help, Shift-Dir - straight line, f/p - hell knight
Aim: a hell knight, wielding a +4 battleaxe of flaming and wearing a +0 chain mail (heavily wounded, chance to affect: 46%)
The hell knight resists with some effort.
The hell knight shouts!
A small abomination comes into view.
The hell knight mumbles some strange prayers to its god.
The hell knight seems to speed up.
The hell knight calls down the wrath of its god upon you.
The bolt of fire hits the hell knight.
The hell knight completely resists.
The bolt of fire hits you!!
Aiming: Fastroot
Press: ? - help, Shift-Dir - straight line, f/p - hell knight
Aim: a hell knight, wielding a +4 battleaxe of flaming and wearing a +0 chain mail (heavily wounded, fast)
The roots erupt in riotous growth!
Roots grab the hell knight.
The grasping roots constrict the hell knight, but do no damage.
The grasping roots constrict the hell knight, but do no damage.
The roots release their grip on the hell knight.
Aiming: Fastroot
Press: ? - help, Shift-Dir - straight line, f/p - hell knight
Aim: a hell knight, wielding a +4 battleaxe of flaming and wearing a +0 chain mail (moderately wounded, fast)
The roots erupt in riotous growth!
Roots grab the hell knight.
The grasping roots constrict the hell knight.
The hell knight hits you with a +4 battleaxe of flaming!!
* * * LOW HITPOINT WARNING * * *
The hell knight burns you!
You die...

#..# ... #... .# .
...#.##...###. #.
...#.##..# .. . ##
#. #.....# .##
..#.###.##...#...#
...#...#.#p#...#...#
#........#..... #.#
..#..#p#...####....
#..@#..#.....#. .
#...#....#.#.# .#
#.## #..###.## #
...# ## ##.# ##


You could see 2 hell knights.

Vanquished Creatures
  Maggie (D:9)
  A troll (D:9)
  A raiju (Abyss:2)
  Sigmund (D:4)
  2 wyverns (D:9)
  3 steam dragons
  Menkaure (D:4)
  2 acid dragons (D:8)
  A water moccasin (D:6)
  An orc warrior (D:8)
  3 black bears
  3 sky beasts
  An ice beast (D:7)
  2 ogres (D:4)
  2 centaurs
  3 kobold brigands
  Blork the orc (D:4)
  A gnoll sergeant (D:5)
  9 bullfrogs
  2 scorpions
  A small abomination (Abyss:2)
  5 wights (D:8)
  7 killer bees (D:6)
  3 howler monkeys (D:9)
  A hound (D:6)
  A jelly (D:5)
  A gnoll bouda (D:4)
  3 orc priests
  6 iguanas
  6 orc wizards
  10 gnolls
  7 adders
  2 white imps
  An ufetubus (D:5)
  A worm (D:2)
  2 dart slugs
  26 orcs
  5 ball pythons
  An endoplasm (D:1)
  2 giant cockroaches
  17 goblins
  9 hobgoblins
  26 kobolds
  2 quokkas
  4 bats
  2 frilled lizards (D:1)
  7 rats
199 creatures vanquished.

Vanquished Creatures (others)
  A hobgoblin (D:3)
  A kobold (D:3)
  A lurking horror (Abyss:2)
  2 plants (D:9)
  2 starspawn tentacles (Abyss:2)
7 creatures vanquished.

Grand Total: 206 creatures vanquished

Notes
Turn   | Place    | Note
-------+----------+-------------------------------------------
     0 | D:1      | Ge0ff the Naga Earth Elementalist began the quest for the
                  | Orb.
     0 | D:1      | Reached XP level 1. HP: 15/15 MP: 3/3
   159 | D:1      | Reached skill level 1 in Fighting
   304 | D:1      | Reached XP level 2. HP: 25/25 MP: 3/5
  1130 | D:1      | Reached XP level 3. HP: 26/31 MP: 2/6
  1374 | D:2      | Reached skill level 1 in Conjurations
  1945 | D:2      | Identified the +5 ring mail of the Hidden Vale {Fly rC+}
  2102 | D:2      | Learned a level 3 spell: Stone Arrow
  2247 | D:3      | Reached XP level 4. HP: 38/38 MP: 5/7
  3157 | D:4      | Reached skill level 4 in Earth Magic
  3171 | D:4      | Found a radiant altar of Vehumet.
  3261 | D:4      | Reached XP level 5. HP: 44/44 MP: 5/9
  3585 | D:4      | Reached XP level 6. HP: 51/51 MP: 7/10
  3616 | D:4      | Noticed 112233's ghost (novice TeAE)
  3635 | D:4      | Noticed Menkaure
  3641 | D:4      | Killed Menkaure
  3642 | D:4      | Reached skill level 5 in Earth Magic
  3642 | D:4      | Found a runed translucent gate.
  3644 | D:4      | Found a runed translucent gate.
  3644 | D:4      | Found a runed translucent gate.
  3804 | D:4      | Noticed Sigmund
  3812 | D:3      | Learned a level 4 spell: Petrify
  3974 | D:4      | Noticed a black bear
  3977 | D:4      | Killed a black bear
  3978 | D:4      | Reached XP level 7. HP: 57/57 MP: 8/11
  3981 | D:4      | Noticed Blork the orc
  3989 | D:4      | Killed Blork the orc
  4153 | D:4      | Reached skill level 6 in Earth Magic
  4475 | D:4      | Killed Sigmund
  4476 | D:4      | Reached skill level 5 in Conjurations
  4476 | D:4      | Reached XP level 8. HP: 62/64 MP: 6/12
  4592 | D:5      | Entered Level 5 of the Dungeon
  4662 | D:5      | Reached skill level 7 in Earth Magic
  4752 | D:5      | Got Starting Hermetics
  4780 | D:5      | Found a staircase to the Ecumenical Temple.
  4793 | Temple   | Entered the Ecumenical Temple
  5027 | Temple   | Became a worshipper of Sif Muna the Loreminder
  5134 | D:5      | Found an ornate altar of the Wu Jian Council.
  5369 | D:5      | Found Lucysufa's Neck Hole.
  5957 | D:5      | Reached skill level 1 in Short Blades
  6228 | D:6      | Found a glowing silver altar of Zin.
  6272 | D:6      | HP: 2/64 [bullfrog (5)]
  6668 | D:6      | Reached XP level 9. HP: 70/70 MP: 9/13
  6673 | D:6      | Reached * piety under Sif Muna
  6786 | D:6      | Reached skill level 8 in Earth Magic
  6795 | D:6      | Reached skill level 5 in Stealth
  7421 | D:5      | Bought an amulet of regeneration for 390 gold pieces
  8124 | D:7      | Found a burning altar of Makhleb.
  8126 | D:7      | Found a shimmering altar of Xom.
  8126 | D:7      | Found a blossoming altar of Fedhas.
  8128 | D:7      | Found a hide-covered altar of Uskayaw.
  8128 | D:7      | Found a sparkling altar of Nemelex Xobeh.
  8128 | D:7      | Found an opulent altar of Gozag.
  8291 | D:8      | Reached skill level 9 in Earth Magic
  8418 | D:8      | Reached skill level 5 in Transmutations
  8513 | D:8      | Reached ** piety under Sif Muna
  8518 | D:8      | Reached XP level 10. HP: 73/78 MP: 6/14
  8784 | D:8      | Learned a level 2 spell: Passwall
  9023 | D:8      | Found a sparkling altar of Nemelex Xobeh.
  9282 | D:9      | Noticed Maggie
  9291 | D:9      | Killed Maggie
  9471 | D:9      | Reached skill level 10 in Earth Magic
  9648 | D:9      | Reached skill level 5 in Short Blades
 10232 | D:9      | Reached *** piety under Sif Muna
 10326 | D:10     | Entered Level 10 of the Dungeon
 10327 | D:10     | Noticed Erolcha
 10356 | D:10     | Noticed Gastronok
 10379 | Abyss:2  | Cast into level 2 of the Abyss (Erolcha)
 10394 | Abyss:2  | Found a corrupted altar of Lugonu.
 10411 | Abyss:2  | Noticed a tentacled starspawn
 10454 | Abyss:2  | Noticed a thrashing horror
 10527 | Abyss:2  | Noticed a large abomination
 10543 | Abyss:2  | Noticed a hell knight
 10547 | Abyss:2  | Noticed a hell knight
 10549 | Abyss:2  | Noticed a necromancer
 10549 | Abyss:2  | Noticed a hell knight
 10549 | Abyss:2  | Noticed a hell knight
 10549 | Abyss:2  | Noticed a hell knight
 10549 | Abyss:2  | Noticed a hell knight
 10549 | Abyss:2  | Noticed a necromancer
 10571 | Abyss:2  | HP: 2/78 [hell knight/+4 battleaxe of flaming (30)]
 10571 | Abyss:2  | Mangled by a hell knight

Illustrated notes

Levels and vault maps discovered:
D:1:      dpeg_arrival_morbid_curiosity, layout_loops_ring
D:2:      layout_loops_ring, kennysheep_donut
D:3:      layout_loops_ring, hangedman_decor_slide_cut, lemuel_flame_loot_1
D:4:      layout_rooms, nicolae_vehumet_altar_sigil, gammafunk_ghost_split,
          dk_noncrumbling_4, minmay_diced_spiral, uniq_blork_the_orc,
          uniq_sigmund, uniq_menkaure
D:5:      layout_basic, nzn_wu_jian_council_hall, minmay_temple_entry_waves,
          nicolae_shop_sticking_my_neck_out
D:6:      layout_basic, mainiacjoe_overflow_cross_hatched
D:7:      layout_cave_pools, doesnt_xom_only_xom, minivault_11
D:8:      layout_cave_pools, mainiacjoe_overflow_brackets
D:9:      corexii_shack_village, layout_loops_ring, uniq_maggie
D:10:     layout_long_grid, minmay_orc_entry_temple_small, uniq_erolcha,
          uniq_erica, uniq_grum, uniq_gastronok
Temple:   nicolae_temple_bog_church
Abyss:2:  base: D:10, hangedman_decor_peaks_small, hangedman_elemental_corridor,
          spicy_abyss_helpful_harpoons

Skill      XL: |  1  2  3  4  5  6  7  8  9 10 |
---------------+-------------------------------+-----
Fighting       | 1 |  1.2
Conjurations   | 1 2 3 4 5 6 7 |  7.0
Earth Magic    | 4 5 6 7 9 10 | 10.0
Spellcasting   | 3 |  3.1
Transmutations | 2 3 5 6 |  6.1
Short Blades   | 2 3 5 |  5.1
Stealth        | 4 6 8 |  8.5
Throwing       | |  0.4
Armour         | |  0.5
Dodging        | |  1.7
Evocations     | |  0.5

Action                     |  1- 3 |  4- 6 |  7- 9 | 10-12 || total
---------------------------+-------+-------+-------+-------++-------
  Melee: Dagger            |     1 |     4 |    91 |    71 ||   167
         Punch             |       |       |     2 |     1 ||     3
  Throw: Dart              |       |       |     4 |     1 ||     5
   Cast: Sandblast         |    51 |    58 |   108 |    37 ||   254
         Petrify           |       |       |    15 |    16 ||    31
         Passwall          |       |       |       |     7 ||     7
         Stone Arrow       |       |       |       |     2 ||     2
Ability: Spit Poison       |     1 |     8 |     3 |     1 ||    13
  Evoke: Wand              |       |       |       |     2 ||     2
    Use: Scroll            |     1 |     4 |     3 |     7 ||    15
         Potion            |       |       |     6 |     1 ||     7
   Stab: Petrified         |       |       |    33 |    15 ||    48
         Sleeping          |       |       |     8 |    12 ||    20
         Petrifying        |       |       |     1 |     3 ||     4
 Armour: Robe              |     2 |     2 |    35 |    11 ||    50
         Steam dragon scal |       |       |       |     9 ||     9
  Dodge: Dodged            |     4 |     7 |    80 |    41 ||   132

Table legend: (Time is in decaauts)
 A = Elapsed time spent in this place.
 B = Non-inter-level travel time spent in this place.
 C = Inter-level travel time spent in this place.
 D = Time resting spent in this place.
 E = Time spent auto-exploring this place.
 F = Levels seen in this place.
 G = Mean time per level.
                   A        B        C        D        E       F      G
               +--------+--------+--------+--------+--------+-----+--------+
         Total |  13356 |  12545 |    811 |    334 |  10168 |  12 | 1113.0 |
       Dungeon |  12781 |  12015 |    766 |    305 |   9900 |  10 | 1278.1 |
        Temple |    334 |    290 |     44 |      0 |    268 |   1 |  334.0 |
         Abyss |    239 |    239 |      0 |     29 |      0 |   1 |  239.0 |
               +--------+--------+--------+--------+--------+-----+--------+

Top non-repeatable levels by time:
     D:6: 1718 daAuts
     D:3: 1670 daAuts
     D:5: 1633 daAuts
     D:1: 1570 daAuts
     D:9: 1397 daAuts
     D:4: 1352 daAuts
     D:8: 1278 daAuts
     D:2: 1245 daAuts
     D:7: 904 daAuts
  Temple: 334 daAuts
 Abyss:2: 239 daAuts
    D:10: 10 daAuts
